% Time on Ice - SASKATOON DUCKS
Lines # - Real PCT - Wanted PCT - Time Play
Normal Forward
1 - 32% - 36% - 15:50
2 - 37% - 36% - 18:16
3 - 24% - 23% - 11:47
4 - 7% - 5% - 3:40
Normal Defense
1 - 34% - 36% - 16:51
2 - 34% - 31% - 16:47
3 - 25% - 23% - 12:25
4 - 7% - 10% - 3:30
PP Forward
1 - 73% - 55% - 1:27
2 - 27% - 45% - 0:32
PP Defense
1 - 73% - 55% - 1:27
2 - 27% - 45% - 0:32
PK Forward
1 - 69% - 55% - 5:51
2 - 31% - 45% - 2:37
PK Defense
1 - 43% - 55% - 3:40
2 - 57% - 45% - 4:48
PK3 Forward
1 - 0% - 55%
2 - 0% - 45%
PK3 Defense
1 - 0% - 55%
2 - 0% - 45%
44 Forward
1 - 0% - 55%
2 - 0% - 45%
44 Defense
1 - 0% - 55%
2 - 0% - 45%
Last Minute Offensive  - 0:00
Last Minute Defensive  - 0:00
Total
Forward - 60:00
Defense - 60:00
% Time on Ice - NORTH DAKOTA HAWKS
Lines # - Real PCT - Wanted PCT - Time Play
Normal Forward
1 - 31% - 31% - 15:14
2 - 31% - 31% - 15:26
3 - 22% - 23% - 11:03
4 - 16% - 15% - 7:50
Normal Defense
1 - 40% - 42% - 19:46
2 - 34% - 36% - 16:56
3 - 14% - 12% - 7:07
4 - 12% - 10% - 5:44
PP Forward
1 - 63% - 65% - 5:22
2 - 37% - 35% - 3:06
PP Defense
1 - 66% - 65% - 5:35
2 - 34% - 35% - 2:53
PK Forward
1 - 67% - 55% - 1:20
2 - 33% - 45% - 0:39
PK Defense
1 - 33% - 55% - 0:39
2 - 67% - 45% - 1:20
PK3 Forward
1 - 0% - 55%
2 - 0% - 45%
PK3 Defense
1 - 0% - 55%
2 - 0% - 45%
44 Forward
1 - 0% - 55%
2 - 0% - 45%
44 Defense
1 - 0% - 55%
2 - 0% - 45%
Last Minute Offensive  - 0:00
Last Minute Defensive  - 0:00
Total
Forward - 60:00
Defense - 60:00
Play-by-Play 1st period 0:01 of 1st period - Jack Hughes wins face-off versus Sidney Crosby in neutral zone. 0:27 of 1st period - Shot by Ivan Barbashev. 0:27 of 1st period - Shot Blocked by Jonas Siegenthaler. 1:06 of 1st period - Shot by Mathieu Joseph. 1:06 of 1st period - Stopped by Linus Ullmark without a rebound. 1:07 of 1st period - Nick Suzuki wins face-off versus Nils Aman in NORTH DAKOTA HAWKS zone. 1:07 of 1st period - Nick Suzuki is hit by Kasperi Kapanen. 1:27 of 1st period - Kailer Yamamoto is hit by Damon Severson and loses puck. 1:39 of 1st period - Kasperi Kapanen is hit by Ryan Lindgren and loses puck. 2:17 of 1st period - Shot by Frederick Gaudreau. 2:17 of 1st period - Stopped by Tristan Jarry without a rebound. 2:18 of 1st period - John Tavares wins face-off versus Nico Sturm in SASKATOON DUCKS zone. 2:33 of 1st period - Erik Johnson is hit by Mathieu Joseph and loses puck. 2:38 of 1st period - Shot by John Tavares. 2:38 of 1st period - Deflect By Mathieu Joseph. 2:38 of 1st period - Shot Misses the Net. 2:40 of 1st period - Shot by John Tavares. 2:40 of 1st period - Stopped by Linus Ullmark without a rebound. 2:41 of 1st period - Frederick Gaudreau wins face-off versus Jake Guentzel in NORTH DAKOTA HAWKS zone. 2:45 of 1st period - Off-side. 2:46 of 1st period - Frederick Gaudreau wins face-off versus John Tavares in neutral zone. 2:56 of 1st period - Icing by Mathieu Joseph. 2:57 of 1st period - John Tavares wins face-off versus Nick Suzuki in SASKATOON DUCKS zone. 2:57 of 1st period - John Tavares is hit by Jake DeBrusk. 2:58 of 1st period - Minor Penalty to Reyley Smith for High sticking. 2:59 of 1st period - Sidney Crosby wins face-off versus Nico Sturm in NORTH DAKOTA HAWKS zone. 3:38 of 1st period - Shot by Sidney Crosby. 3:38 of 1st period - Stopped by Linus Ullmark without a rebound. 3:39 of 1st period - Beck Malenstyn wins face-off versus Ryan Strome in NORTH DAKOTA HAWKS zone. 4:05 of 1st period - Off-side. 4:06 of 1st period - Frederick Gaudreau wins face-off versus Sidney Crosby in neutral zone. 4:27 of 1st period - Shot by Jake Guentzel. 4:27 of 1st period - Shot Blocked by Erik Johnson. 5:23 of 1st period - Shot by Reyley Smith. 5:23 of 1st period - Shot Blocked by Jaycob Megna. 5:55 of 1st period - Icing by Nikita Zaitsev. 5:56 of 1st period - Nils Aman wins face-off versus Jack Hughes in SASKATOON DUCKS zone. 6:21 of 1st period - Shot by Cale Makar. 6:21 of 1st period - Shot Misses the Net. 6:23 of 1st period - Shot by Ryan Hartman. 6:23 of 1st period - Stopped by Tristan Jarry with a rebound. 6:35 of 1st period - Shot by Jack Hughes. 6:35 of 1st period - Stopped by Tristan Jarry without a rebound. 6:36 of 1st period - Sidney Crosby wins face-off versus Frederick Gaudreau in SASKATOON DUCKS zone. 7:32 of 1st period - Icing by Damon Severson. 7:33 of 1st period - John Tavares wins face-off versus Nico Sturm in NORTH DAKOTA HAWKS zone. 7:33 of 1st period - Mathieu Joseph is hit by Damon Severson and loses puck. 7:38 of 1st period - Shot by Mathieu Joseph. 7:38 of 1st period - Deflect By John Tavares. 7:38 of 1st period - Goal by John Tavares - SASKATOON DUCKS : 1 - NORTH DAKOTA HAWKS : 0. 7:39 of 1st period - Ryan Strome wins face-off versus Jack Hughes in neutral zone. 7:50 of 1st period - John Tavares is hit by Jonas Siegenthaler and loses puck. 7:57 of 1st period - Shot by John Tavares. 7:57 of 1st period - Deflect By Mathieu Joseph. 7:57 of 1st period - Stopped by Linus Ullmark without a rebound. 7:58 of 1st period - Jake Guentzel wins face-off versus Nick Suzuki in NORTH DAKOTA HAWKS zone. 8:32 of 1st period - Shot by Nick Suzuki. 8:32 of 1st period - Shot Misses the Net. 9:15 of 1st period - Off-side. 9:16 of 1st period - Nils Aman wins face-off versus Jack Hughes in neutral zone. 9:34 of 1st period - Shot by Jason Robertson. 9:34 of 1st period - Shot Misses the Net. 9:36 of 1st period - Shot by Erik Johnson. 9:36 of 1st period - Shot Misses the Net. 9:38 of 1st period - Shot by Jack Hughes. 9:38 of 1st period - Goal by Jack Hughes - SASKATOON DUCKS : 1 - NORTH DAKOTA HAWKS : 1. 9:39 of 1st period - Frederick Gaudreau wins face-off versus Mathieu Joseph in neutral zone. 11:39 of 1st period - Shot by Nick Suzuki. 11:39 of 1st period - Shot Blocked by Jaycob Megna. 11:41 of 1st period - Shot by Erik Johnson. 11:41 of 1st period - Shot Misses the Net. 11:43 of 1st period - Shot by Nick Suzuki. 11:43 of 1st period - Shot Misses the Net. 11:45 of 1st period - Shot by Mathew Dumba. 11:45 of 1st period - Stopped by Tristan Jarry with a rebound. 13:27 of 1st period - Shot by Mathieu Joseph. 13:27 of 1st period - Shot Misses the Net. 13:39 of 1st period - Off-side. 13:40 of 1st period - Nick Foligno wins face-off versus Jake Guentzel in neutral zone. 13:59 of 1st period - Shot by Ryan Lindgren. 13:59 of 1st period - Stopped by Tristan Jarry without a rebound. 14:00 of 1st period - Nils Aman wins face-off versus Jack Hughes in SASKATOON DUCKS zone. 14:15 of 1st period - Jake Sanderson is hit by Jack Hughes. 14:49 of 1st period - Icing by Jake Sanderson. 14:50 of 1st period - Nick Suzuki wins face-off versus Kailer Yamamoto in SASKATOON DUCKS zone. 15:09 of 1st period - Shot by Nick Suzuki. 15:09 of 1st period - Stopped by Tristan Jarry without a rebound. 15:10 of 1st period - Frederick Gaudreau wins face-off versus Sidney Crosby in SASKATOON DUCKS zone. 15:30 of 1st period - Shot by Frederick Gaudreau. 15:30 of 1st period - Shot Misses the Net. 15:32 of 1st period - Shot by Justin Danforth. 15:32 of 1st period - Shot Misses the Net. 16:11 of 1st period - Shot by Nick Suzuki. 16:11 of 1st period - Stopped by Tristan Jarry with a rebound. 16:13 of 1st period - Shot by Reyley Smith. 16:13 of 1st period - Shot Misses the Net. 16:19 of 1st period - Shot by Nick Suzuki. 16:19 of 1st period - Shot Misses the Net. 16:23 of 1st period - Shot by Jake DeBrusk. 16:23 of 1st period - Shot Blocked by Ben Chiarot. 16:31 of 1st period - Shot by Reyley Smith. 16:31 of 1st period - Shot Misses the Net. 16:33 of 1st period - Shot by Nick Suzuki. 16:33 of 1st period - Stopped by Tristan Jarry without a rebound. 16:34 of 1st period - Jack Hughes wins face-off versus Mathieu Joseph in SASKATOON DUCKS zone. 16:50 of 1st period - Jason Robertson is hit by Nikita Zaitsev and loses puck. 17:01 of 1st period - Shot by Jack Hughes. 17:01 of 1st period - Shot Blocked by Nikita Zaitsev. 17:19 of 1st period - Shot by Jack Hughes. 17:19 of 1st period - Shot Blocked by Jaycob Megna. 17:29 of 1st period - Shot by Nick Suzuki. 17:29 of 1st period - Stopped by Tristan Jarry without a rebound. 17:30 of 1st period - Nick Suzuki wins face-off versus Kailer Yamamoto in SASKATOON DUCKS zone. 17:35 of 1st period - Shot by Nick Suzuki. 17:35 of 1st period - Shot Misses the Net. 17:44 of 1st period - Icing by Jake Sanderson. 17:45 of 1st period - Justin Danforth wins face-off versus Nils Aman in SASKATOON DUCKS zone. 18:21 of 1st period - Shot by Kailer Yamamoto. 18:21 of 1st period - Shot Misses the Net. 18:40 of 1st period - Nick Suzuki is hit by Ivan Barbashev. 18:50 of 1st period - Shot by Nick Suzuki. 18:50 of 1st period - Stopped by Tristan Jarry without a rebound. 18:51 of 1st period - John Tavares wins face-off versus Jack Hughes in SASKATOON DUCKS zone. 19:09 of 1st period - Minor Penalty to Mathieu Joseph for Holding. 19:10 of 1st period - Sidney Crosby wins face-off versus Nick Suzuki in SASKATOON DUCKS zone. 19:54 of 1st period - Shot by Cale Makar. 19:54 of 1st period - Shot Misses the Net. Goals for this period are 1 for SASKATOON DUCKS vs 1 for NORTH DAKOTA HAWKS. Shots for this period are 5 for SASKATOON DUCKS vs 11 for NORTH DAKOTA HAWKS. 2nd period 0:01 of 2nd period - Sidney Crosby wins face-off versus Nick Suzuki in neutral zone. 1:14 of 2nd period - Shot by John Tavares. 1:14 of 2nd period - Shot Misses the Net. 1:16 of 2nd period - Shot by John Tavares. 1:16 of 2nd period - Shot Misses the Net. 1:58 of 2nd period - Icing by Nico Sturm. 1:59 of 2nd period - Nico Sturm wins face-off versus Nils Aman in NORTH DAKOTA HAWKS zone. 2:20 of 2nd period - Shot by Jason Robertson. 2:20 of 2nd period - Stopped by Tristan Jarry without a rebound. 2:21 of 2nd period - Sidney Crosby wins face-off versus Nick Suzuki in SASKATOON DUCKS zone. 2:39 of 2nd period - Shot by Jake DeBrusk. 2:39 of 2nd period - Stopped by Tristan Jarry with a rebound. 2:43 of 2nd period - Shot by Jake DeBrusk. 2:43 of 2nd period - Shot Misses the Net. 2:45 of 2nd period - Shot by Cale Makar. 2:45 of 2nd period - Stopped by Tristan Jarry without a rebound. 2:46 of 2nd period - Jack Hughes wins face-off versus John Tavares in SASKATOON DUCKS zone. 2:46 of 2nd period - Jason Robertson is hit by Jake Sanderson and loses puck. 3:31 of 2nd period - Jack Hughes is hit by Jake Sanderson and loses puck. 4:00 of 2nd period - Shot by Jake Guentzel. 4:00 of 2nd period - Shot Blocked by Reyley Smith. 4:11 of 2nd period - Icing by Jonas Siegenthaler. 4:12 of 2nd period - Nick Suzuki wins face-off versus Nils Aman in NORTH DAKOTA HAWKS zone. 4:12 of 2nd period - Nick Suzuki is hit by Kasperi Kapanen. 4:20 of 2nd period - Shot by Kailer Yamamoto. 4:20 of 2nd period - Stopped by Linus Ullmark without a rebound. 4:21 of 2nd period - Frederick Gaudreau wins face-off versus Jake Guentzel in NORTH DAKOTA HAWKS zone. 4:40 of 2nd period - Shot by Sidney Crosby. 4:40 of 2nd period - Stopped by Linus Ullmark without a rebound. 4:41 of 2nd period - John Tavares wins face-off versus Jack Hughes in NORTH DAKOTA HAWKS zone. 4:41 of 2nd period - Mathieu Joseph is hit by Ryan Lindgren and loses puck. 4:53 of 2nd period - Jack Hughes is hit by Chris Tanev and loses puck. 4:56 of 2nd period - Shot by Jack Hughes. 4:56 of 2nd period - Shot Blocked by Ben Chiarot. 4:58 of 2nd period - Shot by Jack Hughes. 4:58 of 2nd period - Shot Misses the Net. 5:00 of 2nd period - Shot by Damon Severson. 5:00 of 2nd period - Shot Blocked by Ben Chiarot. 5:04 of 2nd period - Shot by Jack Hughes. 5:04 of 2nd period - Shot Misses the Net. 5:21 of 2nd period - Jason Robertson is hit by Ben Chiarot. 5:27 of 2nd period - Shot by Jack Hughes. 5:27 of 2nd period - Shot Misses the Net. 5:36 of 2nd period - Off-side. 5:37 of 2nd period - Nick Suzuki wins face-off versus Sidney Crosby in neutral zone. 5:44 of 2nd period - Shot by Nick Suzuki. 5:44 of 2nd period - Stopped by Tristan Jarry without a rebound. 5:45 of 2nd period - Jake Guentzel wins face-off versus Nick Suzuki in SASKATOON DUCKS zone. 6:07 of 2nd period - Shot by Sidney Crosby. 6:07 of 2nd period - Shot Misses the Net. 6:09 of 2nd period - Shot by Sidney Crosby. 6:09 of 2nd period - Stopped by Linus Ullmark without a rebound. 6:10 of 2nd period - Frederick Gaudreau wins face-off versus Nils Aman in NORTH DAKOTA HAWKS zone. 6:10 of 2nd period - Nick Foligno is hit by Kailer Yamamoto and loses puck. 6:18 of 2nd period - Mathew Dumba is hit by Kasperi Kapanen and loses puck. 6:35 of 2nd period - Minor Penalty to Kasperi Kapanen for Hooking. 6:36 of 2nd period - Sidney Crosby wins face-off versus Nick Suzuki in SASKATOON DUCKS zone. 6:36 of 2nd period - Sidney Crosby is hit by Jake DeBrusk. 7:13 of 2nd period - Shot by Jake DeBrusk. 7:13 of 2nd period - Shot Misses the Net. 7:29 of 2nd period - Nick Suzuki is hit by Kailer Yamamoto and loses puck. 7:52 of 2nd period - Shot by Cale Makar. 7:52 of 2nd period - Shot Blocked by Chris Tanev. 7:54 of 2nd period - Shot by Frederick Gaudreau. 7:54 of 2nd period - Shot Blocked by Chris Tanev. 7:56 of 2nd period - Shot by Cale Makar. 7:56 of 2nd period - Stopped by Tristan Jarry with a rebound